 Dungeon Crawl Stone Soup version 0.26.1-11-gd32895ea62 (webtiles) character file.

Game seed: 2859195578644075309

1134 Kukuleta the Magician (level 8, -1/41 HPs)
             Began as a Deep Elf Fire Elementalist on June 29, 2021.
             Was a Believer of Sif Muna.
             Slain by an orc (4 damage)
             ... on level 5 of the Dungeon.
             The game lasted 00:26:46 (7699 turns).

Kukuleta the Magician (Deep Elf Fire Elementalist)  Turns: 7699, Time: 00:26:47

Health: -1/41      AC:  3    Str:  5    XL:     8   Next: 14%
Magic:  17/20      EV: 16    Int: 23    God:    Sif Muna [**....]
Gold:   245        SH:  0    Dex: 15    Spells: 13/21 levels left

rFire    . . .     SeeInvis .   k - +1 spear
rCold    . . .     Faith    .   (no shield)
rNeg     . . .     Spirit   .   a - +0 robe
rPois    .         Reflect  .   (no helmet)
rElec    .         Harm     .   (no cloak)
rCorr    .         Rampage  .   (no gloves)
Will     .....                  g - +0 pair of boots
Stlth    ++........             (no amulet)
HPRegen  0.13/turn              (no ring)
MPRegen  0.17/turn              (no ring)

@: no status effects
A: no striking features
a: Renounce Religion, Channel Magic


You were on level 5 of the Dungeon.
You worshipped Sif Muna.
Sif Muna was pleased with you.
You visited 1 branch of the dungeon, and saw 6 of its levels.

You collected 245 gold pieces.

Inventory:

Hand Weapons
 f - a +0 dagger
 k - a +1 spear (weapon)
 l - a +0 long sword
Armour
 a - a +0 robe (worn)
 g - a +0 pair of boots (worn)
 h - a cursed -1 robe
 y - a +0 helmet
Jewellery
 s - an uncursed amulet of regeneration
 u - an uncursed ring of ice {unknown}
Wands
 b - a wand of disintegration (8)
Scrolls
 c - 2 scrolls of identify
 e - 2 scrolls of magic mapping
 j - a scroll of blinking
 n - a scroll of enchant armour {unknown}
 o - a scroll of teleportation
 p - 2 scrolls of enchant weapon
 q - a scroll of immolation {unknown}
 r - a scroll of fear {unknown}
 v - a scroll of remove curse
Potions
 d - a potion of lignification {unknown}
 m - a potion of haste
 t - a potion of flight {unknown}
 w - a potion of attraction {unknown}
 x - a potion of curing


   Skills:
 + Level 5.9 Dodging
 - Level 2.4 Stealth
 + Level 7.0 Spellcasting
 + Level 5.3 Conjurations
 + Level 6.3 Fire Magic


You had 13 spell levels left.
You knew the following spells:

 Your Spells              Type           Power        Failure   Level
a - Foxfire               Conj/Fire      100%         1%          1
b - Conjure Flame         Conj/Fire      34%          1%          3
c - Sticky Flame          Conj/Fire      34%          7%          4

Your spell library contained the following spells:

 Spells                   Type           Power        Failure   Level
 Inner Flame              Hex/Fire       22%          6%          3
 Fireball                 Conj/Fire      17%          19%         5


Dungeon Overview and Level Annotations

Branches:
Dungeon (6/15)
 Temple: D:4-7

Altars:
Cheibriados
Dithmenos
Elyvilon
Gozag
Hepliaklqana
Kikubaaqudgha
Sif Muna
Wu Jian

Shops:
D:4 (   D:6 *

Annotations:
D:3 1 runed translucent door, ymhsbmbesitwf's ghost, amateur MiFi


Message History

The orc is heavily wounded.
The orc misses you.
The orc priest invokes the aid of Beogh against you.
Beogh smites you!
You hear a shout!
An orc priest comes into view. It is wielding a +0 whip.
There is a stone staircase leading up here.
The orc priest mumbles some strange prayers to Beogh against you.
Beogh smites you!
* * * LOW HITPOINT WARNING * * *
The orc priest invokes the aid of Beogh against you.
Beogh smites you!
* * * LOW HITPOINT WARNING * * *
You hear a shout!
You climb upwards.
There is a stone staircase leading down here.
Casting: Foxfire (safe; 1% risk of failure)
Confirm with . or Enter, or press ? or * to list all spells.
You conjure some foxfire!
The orc hits you.
You die...

...##.##.....##........#
...##.##...#.##........#
...##.##...#...........#
...##.##.#.###.........#
...##.##.#.###...<.....#
.........#.##>........<#
....#...##.##..#.......#
.........)(...(#vo.....#
##..#.####....##@v.....#
...##.# ##..###########
..(...# #..# .(#..##
#..# ..##.# #..# ..##.#
#..# ..#########..#####
.## #..........# .##
#..........#


You could see an orc.

Vanquished Creatures
  Menkaure (D:4)
  An ice beast (D:5)
  An ogre (D:4)
  A centaur (D:5)
  A phantom (D:5)
  A scorpion (D:6)
  A hound (D:4)
  2 orc priests (D:5)
  2 centaur skeletons
  3 orc wizards
  4 worker ants
  A hound zombie (D:5)
  5 gnolls
  9 adders
  A shadow imp (D:5)
  A white imp (D:5)
  2 ufetubi (D:5)
  4 worms
  4 dart slugs
  7 leopard geckos
  13 orcs
  4 giant cockroaches
  9 goblins
  9 hobgoblins
  6 jackals
  15 bats
  5 frilled lizards
  7 kobolds
  A leopard gecko zombie (D:5)
  5 rats
126 creatures vanquished.

Vanquished Creatures (others)
  355 foxfires
  A plant (D:3)
356 creatures vanquished.

Grand Total: 482 creatures vanquished

Notes
Turn   | Place    | Note
-------+----------+-------------------------------------------
     0 | D:1      | Kukuleta the Deep Elf Fire Elementalist began the quest for
                  | the Orb.
     0 | D:1      | Reached XP level 1. HP: 10/10 MP: 6/6
   241 | D:1      | Reached XP level 2. HP: 15/15 MP: 4/8
   940 | D:1      | Reached XP level 3. HP: 19/19 MP: 6/10
  1531 | D:2      | Learned a level 3 spell: Conjure Flame
  1844 | D:2      | Reached skill level 4 in Spellcasting
  1844 | D:2      | Reached XP level 4. HP: 22/24 MP: 8/12
  2301 | D:2      | Learned a level 4 spell: Sticky Flame
  2524 | D:3      | Found a white marble altar of Elyvilon.
  2524 | D:3      | Found an opulent altar of Gozag.
  2647 | D:3      | Found a shimmering blue altar of Sif Muna.
  2659 | D:3      | Became a worshipper of Sif Muna the Loreminder
  2946 | D:3      | Reached XP level 5. HP: 28/28 MP: 11/13
  2981 | D:3      | Found a runed translucent door.
  3007 | D:3      | Noticed ymhsbmbesitwf's ghost (amateur MiFi)
  3635 | D:3      | Reached * piety under Sif Muna
  4420 | D:4      | Reached skill level 5 in Spellcasting
  4650 | D:4      | Noticed an ogre
  4721 | D:4      | Found a snail-covered altar of Cheibriados.
  4721 | D:4      | Found an ornate altar of the Wu Jian Council.
  4795 | D:4      | Found an ancient bone altar of Kikubaaqudgha.
  4798 | D:4      | Found a shadowy altar of Dithmenos.
  4799 | D:4      | Found a hazy altar of Hepliaklqana.
  4809 | D:4      | Reached XP level 6. HP: 32/32 MP: 12/15
  5514 | D:4      | Reached skill level 5 in Fire Magic
  5781 | D:4      | Found Kyer's Antique Weapon Shop.
  5832 | D:4      | Noticed Menkaure
  5837 | D:4      | Killed Menkaure
  5838 | D:4      | Reached XP level 7. HP: 19/36 MP: 13/17
  6184 | D:5      | Entered Level 5 of the Dungeon
  6217 | D:4      | Reached skill level 6 in Spellcasting
  6500 | D:5      | Reached skill level 5 in Dodging
  6642 | D:5      | Reached ** piety under Sif Muna
  6970 | D:5      | Reached skill level 5 in Conjurations
  7091 | D:5      | Reached XP level 8. HP: 24/41 MP: 14/20
  7627 | D:6      | Found Posi's Assorted Antiques.
  7653 | D:6      | Reached skill level 7 in Spellcasting
  7699 | D:5      | Slain by an orc

Illustrated notes

Levels and vault maps discovered:
D:1:      minmay_arrival_open_corners, layout_loops_ring
D:2:      layout_loops_cross, kennysheep_generic_room_7
D:3:      layout_basic, gammafunk_temple_overflow_forgotten,
          ebering_ghost_sewer_d
D:4:      layout_loops_corners, grunt_temple_overflow_open, serial_shops,
          nicolae_shop_behind_doors, uniq_menkaure
D:5:      layout_rooms, minivault_1
D:6:      layout_basic, serial_shops,
          nicolae_shop_temple_entry_statues_fountains

Skill      XL: |  1  2  3  4  5  6  7  8 |
---------------+-------------------------+-----
Conjurations   | 2 3 4 5 |  5.3
Fire Magic     | 4 5 6 |  6.3
Spellcasting   | 4 5 6 7 |  7.0
Dodging        | 3 4 5 |  5.9
Stealth        | |  2.4

Action                   |  1- 3 |  4- 6 |  7- 9 || total
-------------------------+-------+-------+-------++-------
Melee: Unarmed           |     2 |       |       ||     2
       Dagger            |    26 |       |       ||    26
       Spear             |     6 |    49 |    10 ||    65
 Cast: Foxfire           |    56 |   116 |    61 ||   233
       Conjure Flame     |       |     4 |       ||     4
       Sticky Flame      |       |       |     4 ||     4
  Use: Scroll            |     1 |     7 |     1 ||     9
       Potion            |       |     1 |     1 ||     2
Armor: Robe              |    16 |    13 |     6 ||    35
Dodge: Dodged            |    41 |    52 |    32 ||   125
